 Dungeon Crawl Stone Soup version 0.26-a0-695-g987792ac36 (webtiles) character file.

Game seed: 8340385136101583109

734 ringo67 the Chiller (level 7, 0/59 HPs)
             Began as a Ghoul Ice Elementalist on Oct 25, 2020.
             Slain by an ice beast (5 damage)
             ... on level 5 of the Dungeon.
             The game lasted 00:14:10 (5996 turns).

ringo67 the Chiller (Ghoul Ice Elementalist)        Turns: 5996, Time: 00:14:11

Health: 0/59       AC:  8    Str: 12    XL:     7   Next: 74%
Magic:  9/11       EV: 11    Int: 12    God:
Gold:   186        SH:  0    Dex:  9    Spells: 6/13 levels left

rFire    . . .     SeeInvis .   (no weapon)
rCold    + . .     Faith    .   (no shield)
rNeg     + + +     Spirit   .   l - +2 leather armour {rPois}
rPois    ∞         Reflect  .   o - +1 helmet
rElec    .         Harm     .   s - +0 cloak
rCorr    .         Rampage  .   (no gloves)
MR       .....                  (no boots)
Stlth    +.........             (no amulet)
HPRegen  0.00/turn              (no ring)
MPRegen  0.12/turn              (no ring)

@: no status effects
A: rotting body, claws 1, cold resistance 1, negative energy resistance 3,
inhibited regeneration, torment resistance, unbreathing
a: no special abilities


You were on level 5 of the Dungeon.
You visited 1 branch of the dungeon, and saw 5 of its levels.

You collected 186 gold pieces.

Inventory:

Missiles
 m - 45 sling bullets
 p - 30 stones (quivered)
Armour
 a - a +0 robe
 l - a +2 leather armour of poison resistance (worn)
 o - a +1 helmet (worn)
 s - a +0 cloak (worn)
Scrolls
 b - 7 scrolls of identify
 e - a scroll of enchant armour
 k - 2 scrolls of remove curse
 t - a scroll of amnesia
Potions
 c - 2 potions of curing
 d - a potion of haste {unknown}
 f - a potion of brilliance {unknown}
 g - 2 potions of ambrosia {unknown}
 h - a potion of heal wounds {unknown}
 i - a potion of degeneration {unknown}
 j - a potion of mutation {unknown}
 n - a potion of berserk rage {unknown}
 q - a potion of lignification {unknown}


   Skills:
 + Level 4.2 Fighting
 - Level 1.7 Dodging
 - Level 2.1 Stealth
 + Level 3.8 Spellcasting
 * Level 7.8 Ice Magic


You had 6 spell levels left.
You knew the following spells:

 Your Spells              Type           Power        Failure   Level
a - Freeze                Ice            ###.         1%          1
b - Frozen Ramparts       Ice            ###...       3%          3
c - Ozocubu's Armour      Ice            ###.....     3%          3

Your spell library contained the following spells:

 Spells                   Type           Power        Failure   Level
 Hailstorm                Conj/Ice       ##......     50%         4
 Summon Ice Beast         Ice/Summ       ##......     50%         4


Dungeon Overview and Level Annotations

Branches:
Dungeon (5/15)             Temple (0/1) D:4

Altars:
Ashenzari
Makhleb
Zin
The Shining One


Innate Abilities, Weirdness & Mutations

Your body is rotting away.
You thrive by killing the living.
You are immune to poison.
You have sharp fingernails.
Your flesh is cold resistant. (rC+)
You are immune to negative energy. (rN+++)
You do not regenerate when monsters are visible.
You are immune to unholy pain and torment.
You can survive without breathing.


Message History

The ice beast hits you. The ice beast freezes you. You resist.
Your leather armour prevents you from hitting the ice beast.
The ice beast is severely wounded.
The ice beast hits you. The ice beast freezes you! You resist.
You scratch the ice beast but do no damage.
The ice beast is severely wounded.
The ice beast hits you.
* * * LOW HITPOINT WARNING * * *
The ice beast freezes you. You resist.
* * * LOW HITPOINT WARNING * * *
You scratch the ice beast but do no damage.
The ice beast is severely wounded.
The ice beast misses you.
There is a stone staircase leading up here.
As you read the scroll labeled BUBOSO BESI, it crumbles to dust.
The creatures around you are filled with an inner flame!
It was a scroll of immolation.
The ice beast hits you.
* * * LOW HITPOINT WARNING * * *
The ice beast freezes you. You resist.
You die...

#..#......[...#..######...... ##
#....###..###........÷.....## .#
#...## #..# ##..#######....##
.####..## ##..# ##... ###....##
.......# ##....## #.##. #......#.
######..##..##..##..# #.#.#......
# #..............###...##..### #
.....###.................## ##
.....# #..@.........!....# .##
.....# #..Y......#(......## ..#
......# #.........#.o....... #.#
########...................
#.##########..............##.##..
#.#....................... ......
†....######............... ......
####..##....##........#### #....
.####)..>...............[ # #..


You could see an ice beast (inner flame).

Vanquished Creatures
  2 ogres (D:5)
  2 hounds
  3 orc priests (D:5)
  A bullfrog skeleton (D:5)
  5 orc wizards
  2 worker ants
  A hound zombie (D:5)
  6 adders
  A gnoll (D:3)
  A shadow imp (D:5)
  An ufetubus (D:5)
  An ooze (D:3)
  A worm (D:4)
  4 dart slugs
  3 leopard geckos
  14 orcs
  A ball python (D:4)
  6 bats
  3 giant cockroaches
  6 goblins
  5 hobgoblins
  4 jackals (D:3)
  2 quokkas
  3 frilled lizards
  3 kobolds
  A quokka skeleton (D:5)
  6 rats
88 creatures vanquished.

Notes
Turn   | Place    | Note
-------+----------+-------------------------------------------
     0 | D:1      | ringo67 the Ghoul Ice Elementalist began the quest for the
                  | Orb.
     0 | D:1      | Reached XP level 1. HP: 14/14 MP: 2/2
  1017 | D:2      | Reached XP level 2. HP: 17/22 MP: 0/3
  1125 | D:2      | Reached skill level 1 in Fighting
  1671 | D:2      | Reached XP level 3. HP: 28/28 MP: 2/5
  1676 | D:2      | Learned a level 3 spell: Frozen Ramparts
  1876 | D:2      | Reached skill level 5 in Ice Magic
  2163 | D:2      | Reached XP level 4. HP: 36/36 MP: 1/6
  2783 | D:3      | Found a glowing golden altar of the Shining One.
  3033 | D:3      | Reached XP level 5. HP: 34/41 MP: 0/7
  3240 | D:3      | Found a broken altar of Ashenzari.
  3357 | D:3      | Reached skill level 6 in Ice Magic
  4174 | D:3      | Reached XP level 6. HP: 25/50 MP: 3/9
  4419 | D:4      | Found a staircase to the Ecumenical Temple.
  4565 | D:5      | Entered Level 5 of the Dungeon
  4662 | D:5      | Learned a level 3 spell: Ozocubu's Armour
  4678 | D:5      | Noticed an ice beast
  4692 | D:5      | Noticed an ice beast
  4720 | D:4      | Found a glowing silver altar of Zin.
  5262 | D:5      | Reached skill level 7 in Ice Magic
  5262 | D:5      | Reached XP level 7. HP: 18/57 MP: 4/11
  5865 | D:5      | Found a burning altar of Makhleb.
  5996 | D:5      | Slain by an ice beast

Illustrated notes

Levels and vault maps discovered:
D:1:      lemuel_arrival_funnel, layout_basic
D:2:      layout_basic, hangedman_decor_opposing
D:3:      layout_loops_ring, tso_metal_star, ashenzari_altar_1
D:4:      layout_rooms, nemelex_altar_shiori, zin_academy,
          minmay_temple_entry_from_below_a
D:5:      layout_rooms, demons_altar, palyth_stone_intersect

Skill      XL: |  1  2  3  4  5  6  7 |
---------------+----------------------+-----
Fighting       | 1 2 3 4 |  4.2
Spellcasting   | 2 3 |  3.8
Ice Magic      | 5 6 7 |  7.8
Dodging        | |  1.7
Stealth        | |  2.1

Action                   |  1- 3 |  4- 6 |  7- 9 || total
-------------------------+-------+-------+-------++-------
Melee: Unarmed           |    29 |   108 |    48 ||   185
 Cast: Freeze            |    27 |    37 |     5 ||    69
       Frozen Ramparts   |       |    20 |     8 ||    28
  Use: Scroll            |       |     6 |     1 ||     7
 Stab: Sleeping          |     1 |     1 |       ||     2
Armor: Robe              |    11 |    23 |       ||    34
       Leather armour    |       |    10 |    35 ||    45
Dodge: Dodged            |    18 |    89 |    34 ||   141

Table legend: (Time is in decaauts)
 A = Elapsed time spent in this place.
 B = Non-inter-level travel time spent in this place.
 C = Inter-level travel time spent in this place.
 D = Time resting spent in this place.
 E = Time spent auto-exploring this place.
 F = Levels seen in this place.
 G = Mean time per level.
                   A        B        C        D        E       F      G
               +--------+--------+--------+--------+--------+-----+--------+
         Total |   6022 |   5869 |    153 |   2134 |   2558 |   5 | 1204.4 |
       Dungeon |   6022 |   5869 |    153 |   2134 |   2558 |   5 | 1204.4 |
               +--------+--------+--------+--------+--------+-----+--------+

Top non-repeatable levels by time:
     D:3: 2013 daAuts
     D:2: 1782 daAuts
     D:5: 1035 daAuts
     D:1: 890 daAuts
     D:4: 300 daAuts
